 Dungeon Crawl Stone Soup version 0.20.1-1-g8b1a95d (webtiles) character file.

72 Josy the Ruffian (level 4, 0/44 HPs)
             Began as a Troll Berserker on Dec 6, 2017.
             Was a Believer of Trog.
             Slain by a scorpion (2 damage)
             ... on level 4 of the Dungeon.
             The game lasted 00:21:43 (2548 turns).

Josy the Ruffian (Troll Berserker)                  Turns: 2548, Time: 00:21:43

Health: 0/44       AC: 12    Str: 25    XL:     4   Next: 7%
Magic:  3/3        EV: 10    Int:  4    God:    Trog [**....]
Gold:   121        SH:  0    Dex:  9    Spells: 3/3 levels left

rFire    . . .     SeeInvis .   u - +0 dagger (protect)
rCold    . . .     Gourm    +   (no shield)
rNeg     . . .     Faith    .   a - +0 animal skin
rPois    .         Spirit   .   (helmet restricted)
rElec    .         Reflect  .   (no cloak)
rCorr    .         Harm     .   (gloves unavailable)
MR       ++...                  (boots unavailable)
Stlth    +.........             (no amulet)
Regen    1.6/turn               (no ring)
MPRegen  0.1/turn               (no ring)

@: lethally poisoned (0 -> 0), about to teleport, protection aura, regenerating
A: unfitting armour, claws 3, fast metabolism 3, gourmand, regeneration 1,
shaggy fur 1, tough skin 2
a: Berserk, Trog's Hand, Burn Spellbooks, Renounce Religion


You were on level 4 of the Dungeon.
You worshipped Trog.
Trog was pleased with you.
You were full.

You visited 1 branch of the dungeon, and saw 4 of its levels.

You collected 121 gold pieces.

Inventory:

Hand Weapons
 c - a +0 club
 f - a +0 whip
 j - a cursed -2 club
 k - a +0 hand axe
 l - a +0 club
 o - a +0 dagger
 p - a +0 hunting sling
 r - a +0 club
 u - a +0 dagger of protection (weapon)
 v - a +0 whip
 B - a +1 hunting sling of freezing
 D - a +0 dagger
 F - a +0 dagger
 I - a +0 rapier
Missiles
 q - 26 bolts
 s - 11 poisoned needles
 t - 37 stones (quivered)
 A - 18 arrows
Armour
 a - a +0 animal skin (worn)
 i - a +0 robe
 G - a +0 chain mail
Jewellery
 z - a +1 ring of slaying {unknown}
Scrolls
 g - 2 scrolls of magic mapping
 x - a scroll of remove curse {unknown}
 y - a scroll of identify {unknown}
Potions
 b - 2 potions of mutation {unknown}
 d - 2 potions of berserk rage {unknown}
 e - 3 potions of agility {unknown}
 m - a potion of curing {unknown}
 n - a potion of lignification {unknown}
 C - a potion of ambrosia {unknown}
Comestibles
 h - a meat ration
 H - a fruit


   Skills:
 + Level 2.7 Fighting
 + Level 0.1 Short Blades
 + Level 0.7(0.8) Axes
 + Level 0.3(0.6) Maces & Flails
 + Level 3.2 Dodging
 + Level 3.5 Unarmed Combat


You had 3 spell levels left.
You didn't know any spells.

Dungeon Overview and Level Annotations

Branches:
Dungeon (4/15)
 Temple: D:4-7

Altars:
Yredelemnul


Innate Abilities, Weirdness & Mutations

You are too large for most types of armour.
You have claws for hands.
Your metabolism is lightning-fast.
You like to eat raw meat.
Your natural rate of healing is unusually fast.
You are covered in fur. (AC +1)
You have very tough skin. (AC +2)


Message History

You hit the scorpion.
The scorpion is almost dead.
You feel sick. The scorpion barely misses you.
You hit the scorpion but do no damage.
The scorpion is almost dead.
You feel sick. The scorpion stings you!
* * * LOW HITPOINT WARNING * * *
As you read the scroll labeled INYXZAZORAL, it crumbles to dust.
It is a scroll of amnesia.
You feel forgetful for a moment.
* * * LOW HITPOINT WARNING * * *
You feel sick.
The scorpion stings you but does no damage.
As you read the scroll labeled WIS JOENLOU, it crumbles to dust.
You feel aware of your surroundings.
It was a scroll of magic mapping.
You feel sick. The scorpion barely misses you.
As you read the scroll labeled ZILOCZ ZOSOAF, it crumbles to dust.
You feel strangely unstable.
It was a scroll of teleportation.
You feel sick. The scorpion stings you.
You die...

##.......# #.#.#,,,*
##.......# #######...#.#**
########## #...........# #
#####.#####.##### # *****
#.....#####.#*** * *,,,*
#.###....##..,,* * *,,,*
*,*##.##.#####,* *
*,,,###.##...#.##.#*,**** *
*,,,#......_.@s...#*,,,,* *
*,,,..##(#...##.#+#****+** *
*,,,,,*#.##.##*,#,,,,,,,,*
*****,,,,*#,...#**,*,,,,,,,,*
,,,,*,,<,**###..,,,*,,,,,,,,*
***,*,,,,****#.#****,,,,,,,,*
* *,*,,,,,,,,#.# *,,,,,,,,,,*
***,**,,,,,,,..# *,,,,,,,,,,*
*,,,**,,,,,,,*** *,,,,,,,,,,*


You could see a scorpion.

Vanquished Creatures
  A gnoll (D:1)
  2 adders
  An ooze (D:1)
  A dart slug (D:1)
  2 leopard geckos (D:1)
  An orc (D:3)
  6 bats
  5 giant cockroaches
  3 goblins
  2 hobgoblins (D:1)
  A quokka (D:2)
  A frilled lizard (D:3)
  A jackal skeleton (D:4)
  5 kobolds
  5 rats
37 creatures vanquished.

Notes
Turn   | Place    | Note
-------+----------+-------------------------------------------
     0 | D:1      | Josy the Troll Berserker began the quest for the Orb.
     0 | D:1      | Reached XP level 1. HP: 22/22 MP: 0/0
   250 | D:1      | Reached XP level 2. HP: 23/29 MP: 1/1
   861 | D:1      | Reached XP level 3. HP: 32/36 MP: 2/2
  1437 | D:1      | $
  1609 | D:2      | Reached ** piety under Trog
  2217 | D:3      | Reached XP level 4. HP: 25/44 MP: 3/3
  2505 | D:4      | Found a basalt altar of Yredelemnul.
  2545 | D:4      | HP: 1/44 [scorpion (8)]
  2548 | D:4      | Slain by a scorpion

Skill      XL: |  1  2  3 |
---------------+----------+-----
Dodging        | 3 |  3.2
Fighting       | |  2.7
Short Blades   | |  0.1
Axes           | |  0.7
Maces & Flails | |  0.3
Unarmed Combat | |  3.5

Action                   |  1- 3 |  4- 6 || total
-------------------------+-------+-------++-------
Melee: Club              |    21 |       ||    21
       Unarmed           |     7 |       ||     7
       Hand axe          |    55 |       ||    55
       Dagger            |    92 |    40 ||   132
       Punch             |       |     1 ||     1
Invok: Trog's Hand       |       |     1 ||     1
  Use: Scroll            |       |     3 ||     3
  Eat: Chunk             |    11 |     2 ||    13
       Bread ration      |     2 |       ||     2
       Meat ration       |     1 |       ||     1
Armor: Animal skin       |   134 |    13 ||   147
Dodge: Dodged            |   152 |    23 ||   175
